 Dungeon Crawl Stone Soup version 0.25-a0-292-gaa31f046c4 (webtiles) character file.

Game seed: 15300135311783089710, levelgen mode: deterministic

261 Lanoc the Conjurer (level 5, -7/34 HPs)
             Began as a Draconian Wizard on Dec 15, 2019.
             Was an Initiate of Hepliaklqana.
             Killed by divine providence
             ... invoked by an orc priest
              (12 damage)
             ... on level 3 of the Dungeon.
             The game lasted 00:08:53 (2955 turns).

Lanoc the Conjurer (Draconian Wizard)               Turns: 2955, Time: 00:08:54

Health: -7/34      AC:  6    Str:  9    XL:     5   Next: 96%
Magic:  6/11       EV: 13    Int: 20    God:    Hepliaklqana [......]
Gold:   61         SH:  0    Dex:  9    Spells: 4/12 levels left

rFire    . . .     SeeInvis .   o - +1 quarterstaff
rCold    . . .     Gourm    .   (shield currently unavailable)
rNeg     . . .     Faith    .   (armour unavailable)
rPois    .         Spirit   .   a - +0 hat
rElec    .         Reflect  .   (no cloak)
rCorr    .         Harm     .   b - +0 pair of gloves
MR       .....                  (no boots)
Stlth    ++........             (no amulet)
HPRegen  0.11/turn              (no ring)
MPRegen  0.12/turn              (no ring)

@: no status effects
A: unfitting armour, reduced essence, cold-blooded, AC +5
a: Recall Ancestor, Ancestor Identity, Renounce Religion


You were on level 3 of the Dungeon.
You worshipped Hepliaklqana.
Hepliaklqana was noncommittal.
You were not hungry.

You visited 1 branch of the dungeon, and saw 3 of its levels.

You collected 61 gold pieces.

Inventory:

Hand Weapons
 o - a +1 quarterstaff (weapon)
Missiles
 l - 4 curare-tipped darts (quivered)
Armour
 a - a +0 hat (worn)
 b - a +0 pair of gloves (worn)
Scrolls
 d - a scroll of immolation {unknown}
 e - 6 scrolls of identify
 f - a scroll of amnesia {unknown}
 g - a scroll of remove curse
 j - a scroll of enchant weapon
 n - a scroll of fog {unknown}
 r - a scroll of blinking {unknown}
Potions
 i - a potion of ambrosia {unknown}
 k - a potion of degeneration {unknown}
 m - a potion of curing {unknown}
 p - a potion of haste
Comestibles
 c - 4 rations


   Skills:
 + Level 3.3 Dodging
 - Level 1.7 Stealth
 + Level 4.0 Spellcasting
 * Level 4.1 Conjurations
 - Level 1.0 Summonings
 - Level 1.0 Translocations


You had 4 spell levels left.
You knew the following spells:

 Your Spells              Type           Power        Failure   Level  Hunger
a - Magic Dart            Conj           ###.         2%          1    None
b - Blink                 Tloc           N/A          13%         2    #......
c - Call Imp              Summ           #.......     13%         2    #......
d - Mephitic Cloud        Conj/Pois/Air  #.......     22%         3    ###....

Your spell library contained the following spells:

 Spells                   Type           Power        Failure   Level  Hunger
 Conjure Flame            Conj/Fire      ##......     16%         3    ###....
 Slow                     Hex            #.......     19%         2    #......


Dungeon Overview and Level Annotations

Branches:
Dungeon (3/15)

Altars:
Hepliaklqana
Makhleb


Innate Abilities, Weirdness & Mutations

Your plain brown scales are hard. (AC +5)
You cannot fit into any form of body armour.
You are cold-blooded and may be slowed by cold attacks.
Your life essence is reduced to manifest your ancestor. (-10% HP)


Message History

The orc priest is heavily wounded.
The orc hits Zayda.
Zayda hits the orc.
The orc dies!
Casting: Magic Dart (safe; 2% risk of failure)
Confirm with . or Enter, or press ? or * to list all spells.
Aiming: Magic Dart (safe; 2% risk of failure)
Press: ? - help, Shift-Dir - straight line, f/p - orc priest
Aim: an orc priest, wielding a +0 club (heavily wounded)
The magic dart hits the orc priest but does no damage.
The orc priest is heavily wounded.
Casting: Magic Dart (safe; 2% risk of failure)
Confirm with . or Enter, or press ? or * to list all spells.
Aiming: Magic Dart (safe; 2% risk of failure)
Press: ? - help, Shift-Dir - straight line, f/p - orc priest
Aim: an orc priest, wielding a +0 club (heavily wounded)
The magic dart hits the orc priest.
The orc priest is severely wounded.
The orc priest invokes the aid of Beogh against you.
Beogh smites you!
You die...

,*,,,..<.....>..###.#*,,,,,,,,,,,
,+,,,.......#.......##****,,,,,,,
,**,,8...8o.)........#****,,,,,,,
,****......##!.......+,,,,,,,,,,,
,****#.8.....#.......#***********
,*,,,#..######.R.....#
**,*,#.*,,,,<#..o....#
*,*,.,*,****#.......# ######
*,*****,* ###@##### #....#
*,,,,,*,* #.# #.##.# *****,*,*
#.# ###.##.# *,,,* #.#####.R.##.#
***** #.....#.###<.####
#####.#..##.....# #.##.##.###.#
#....##.R.#R# ########....#


You could see the friendly Zayda the ancestor and an orc priest.

Vanquished Creatures
  A hound (D:2)
  2 adders (D:2)
  3 dart slugs (D:1)
  6 leopard geckos
  An orc (D:3)
  A ball python (D:2)
  6 bats
  3 giant cockroaches
  4 goblins
  11 hobgoblins
  4 jackals (D:2)
  10 kobolds
  4 frilled lizards
  15 rats
71 creatures vanquished.

Vanquished Creatures (collateral kills)
  Sigmund (D:2)
  3 orcs (D:3)
  A giant cockroach (D:3)
5 creatures vanquished.

Grand Total: 76 creatures vanquished

Notes
Turn   | Place    | Note
-------+----------+-------------------------------------------
     0 | D:1      | Lanoc the Draconian Wizard began the quest for the Orb.
     0 | D:1      | Reached XP level 1. HP: 14/14 MP: 4/4
    99 | D:1      | Reached XP level 2. HP: 12/20 MP: 0/6
   761 | D:1      | Learned a level 2 spell: Blink
   764 | D:1      | Learned a level 2 spell: Call Imp
   899 | D:1      | Reached XP level 3. HP: 19/26 MP: 0/7
  1724 | D:2      | Found a hazy altar of Hepliaklqana.
  2004 | D:2      | Reached XP level 4. HP: 33/33 MP: 5/9
  2389 | D:2      | Noticed Sigmund
  2466 | D:2      | Became a worshipper of Hepliaklqana the Forgotten
  2562 | D:2      | Killed Sigmund
  2562 | D:2      | Reached XP level 5. HP: 11/34 MP: 2/10
  2680 | D:2      | Found a burning altar of Makhleb.
  2827 | D:2      | Learned a level 3 spell: Mephitic Cloud
  2955 | D:3      | Killed from afar by an orc priest

Levels and vault maps discovered:
D:1:      minmay_arrival_semitransparent, layout_basic, serial_bayou_pond_b
D:2:      layout_loops_cross, nicolae_overflow_crystal_walls,
          makhleb_blood_cavern_becter, uniq_sigmund
D:3:      layout_basic, gup_sewer_entry_glass, minivault_23, grunt_ministairs_2,
          cheibriados_altar_1

Skill      XL: |  1  2  3  4  5 |
---------------+----------------+-----
Dodging        | 2 3 |  3.3
Conjurations   | 2 3 4 |  4.1
Spellcasting   | 4 |  4.0
Stealth        | |  1.7
Summonings     | |  1.0
Translocations | |  1.0

Action                   |  1- 3 |  4- 6 || total
-------------------------+-------+-------++-------
Melee: Unarmed           |   117 |       ||   117
       Tailslap          |    10 |     2 ||    12
       Quarterstaff      |       |    26 ||    26
 Cast: Magic Dart        |   104 |    47 ||   151
       Call Imp          |       |     2 ||     2
  Use: Scroll            |       |     4 ||     4
  Eat: Chunk             |     3 |     3 ||     6
Armor: Skin              |    59 |    13 ||    72
Dodge: Dodged            |    85 |    29 ||   114

Table legend:
 A = Non-vault XP
 B = Vault XP
 C = Vault XP percentage of total XP
 D = Non-vault monster count
 E = Vault monster count
 F = Vault count percentage of total count
                 A         B        C        D         E       F
            +---------+---------+-------+---------+---------+-------
      Total |     129 |     244 |  65.4 |      63 |      13 |  17.1
            +---------+---------+-------+---------+---------+-------
        D:1 |      53 |      14 |  20.9 |      32 |       6 |  15.8
        D:2 |      73 |     216 |  74.7 |      29 |       2 |   6.5
        D:3 |       3 |      14 |  82.4 |       2 |       5 |  71.4
            +---------+---------+-------+---------+---------+-------
